 Dungeon Crawl Stone Soup version 0.25-a0-161-gb7fd73da8f (webtiles) character file.

Game seed: 16871292779303089571, levelgen mode: deterministic

87 Leeroy the Slasher (level 4, 0/36 HPs)
             Began as a Draconian Skald on Nov 21, 2019.
             Slain by an ice beast (8 damage)
             ... on level 1 of the Dungeon.
             The game lasted 00:04:44 (1878 turns).

Leeroy the Slasher (Draconian Skald)                Turns: 1878, Time: 00:04:45

Health: 0/36       AC:  7    Str: 13    XL:     4   Next: 28%
Magic:  4/7        EV: 12    Int: 14    God:
Gold:   115        SH:  0    Dex: 11    Spells: 4/7 levels left

rFire    . . .     SeeInvis .   a - +0 falchion
rCold    . . .     Gourm    .   (no shield)
rNeg     . . .     Faith    .   (armour unavailable)
rPois    .         Spirit   .   (helmet restricted)
rElec    .         Reflect  .   k - +0 cloak
rCorr    .         Harm     .   o - +0 pair of gloves
MR       .....                  (no boots)
Stlth    +.........             (no amulet)
HPRegen  0.12/turn              (no ring)
MPRegen  0.10/turn              (no ring)

@: very slightly contaminated
A: unfitting armour, cold-blooded, AC +5
a: no special abilities


You were on level 1 of the Dungeon.
You were hungry.

You visited 1 branch of the dungeon, and saw 2 of its levels.

You collected 115 gold pieces.

Inventory:

Hand Weapons
 a - a +0 falchion (weapon)
Missiles
 b - 17 poisoned darts (quivered)
Armour
 k - a +0 cloak (worn)
 o - a +0 pair of gloves (worn)
Jewellery
 j - an uncursed ring of magical power {unknown}
Scrolls
 d - a scroll of amnesia {unknown}
 e - 2 scrolls of identify {unknown}
 f - 2 scrolls of immolation {unknown}
 h - 2 scrolls of teleportation {unknown}
 p - a scroll of remove curse {unknown}
Potions
 g - a potion of ambrosia {unknown}
 i - 3 potions of curing {unknown}
 l - a potion of berserk rage {unknown}
 m - a potion of might {unknown}
 q - a potion of lignification {unknown}
Comestibles
 c - 6 rations
 n - a chunk of flesh


   Skills:
 - Level 2.1 Fighting
 + Level 4.6 Long Blades
 - Level 2.1 Dodging
 - Level 2.0 Spellcasting
 - Level 2.6 Charms


You had 4 spell levels left.
You knew the following spells:

 Your Spells              Type           Power        Failure   Level  Hunger
a - Infusion              Chrm           #...         8%          1    ##.....
b - Shroud of Golubria    Chrm/Tloc      #.....       21%         2    ###....

Your spell library contained the following spells:

 Spells                   Type           Power        Failure   Level  Hunger
 Song of Slaying          Chrm           #.......     12%         2    ###....
 Regeneration             Chrm/Necr      #.........   38%         3    ####...
 Spectral Weapon          Hex/Chrm       #.......     38%         3    ####...


Dungeon Overview and Level Annotations

Branches:
Dungeon (2/15)

Altars:


Innate Abilities, Weirdness & Mutations

Your plain brown scales are hard. (AC +5)
You cannot fit into any form of body armour.
You are cold-blooded and may be slowed by cold attacks.


Message History

You barely miss the ice beast.
The ice beast is severely wounded.
The ice beast hits you but does no damage.
You hit the ice beast but do no damage.
Your tail-slap misses the ice beast.
The ice beast is severely wounded.
The ice beast hits you but does no damage.
You hit the ice beast.
The ice beast is severely wounded.
Your shroud unravels.
The ice beast barely misses you.
You riposte.
You closely miss the ice beast.
The ice beast is severely wounded.
You barely miss the ice beast.
The ice beast is severely wounded.
The ice beast hits you. The ice beast freezes you!
You hit the ice beast but do no damage.
The ice beast is severely wounded.
The ice beast hits you.
* * * LOW HITPOINT WARNING * * *
The ice beast freezes you!
You die...

# #...........#........#... #
#...........#........#... #
#...........#........#...
#########.......[...'........#...
#....).)............#........#...
..#######...........###......#...
### #..##(.#+#####..######### #
##.#.#.#.#.#.#.#.#.#..... #
#......@Y..........##### #
###.#.#.#.#.#.#.#.## #. #
#.................# #. #
##.#.#.#.#.#.#.#.## #. #
#..........)......# #.
##.#.#.#.#.#.#.#.### #.
#..................####
##.#.#.#.#.#.#.#.#.....
#.................#####


You could see an ice beast.

Vanquished Creatures
  A gnoll (D:1)
  An adder (D:2)
  An ooze (D:2)
  A dart slug (D:1)
  4 leopard geckos
  5 giant cockroaches
  5 goblins (D:1)
  3 hobgoblins (D:1)
  5 jackals (D:1)
  7 kobolds
  A quokka (D:1)
  10 bats
  12 rats
56 creatures vanquished.

Notes
Turn   | Place    | Note
-------+----------+-------------------------------------------
     0 | D:1      | Leeroy the Draconian Skald began the quest for the Orb.
     0 | D:1      | Reached XP level 1. HP: 17/17 MP: 3/3
    80 | D:1      | Reached XP level 2. HP: 24/24 MP: 5/5
   100 | D:1      | HP: 1/24 [goblin (3)]
   101 | D:1      | Reached skill level 3 in Long Blades
   310 | D:1      | Learned a level 2 spell: Shroud of Golubria
   350 | D:1      | Reached XP level 3. HP: 7/29 MP: 6/6
  1029 | D:1      | Reached skill level 4 in Long Blades
  1532 | D:2      | Noticed an ice beast
  1578 | D:2      | Reached XP level 4. HP: 29/36 MP: 7/7
  1878 | D:1      | Slain by an ice beast

Levels and vault maps discovered:
D:1:      onia_arrival_larder, layout_basic, st_stairs_11
D:2:      layout_rooms, lightli_temple_of_fire, first_ration,
          serial_corexii_hall, chequers_hall_statues_y, corexii_hall_statues_t,
          chequers_hall_statues_corner_a, minmay_misc_feat_four_crosses

Skill      XL: |  1  2  3 |
---------------+----------+-----
Long Blades    | 3 4 |  4.6
Fighting       | |  2.1
Dodging        | |  2.1
Spellcasting   | |  2.0
Charms         | |  2.6

Action                   |  1- 3 |  4- 6 || total
-------------------------+-------+-------++-------
Melee: Falchion          |   145 |    28 ||   173
       Tailslap          |    17 |     4 ||    21
 Cast: Infusion          |     1 |       ||     1
       Shroud of Golubri |       |     1 ||     1
 Stab: Sleeping          |     1 |       ||     1
  Eat: Chunk             |     2 |     1 ||     3
Armor: Skin              |    45 |    12 ||    57
Dodge: Dodged            |    87 |    19 ||   106
       Rpst.: Falchion   |    22 |     9 ||    31

Table legend:
 A = Non-vault XP
 B = Vault XP
 C = Vault XP percentage of total XP
 D = Non-vault monster count
 E = Vault monster count
 F = Vault count percentage of total count
                 A         B        C        D         E       F
            +---------+---------+-------+---------+---------+-------
      Total |     108 |      17 |  13.6 |      44 |      12 |  21.4
            +---------+---------+-------+---------+---------+-------
        D:1 |      72 |      17 |  19.1 |      33 |      12 |  26.7
        D:2 |      36 |       0 |   0.0 |      11 |       0 |   0.0
            +---------+---------+-------+---------+---------+-------
